Map: Dusk Towers

Players

Andersone

  • Race: Protoss Protoss
  • League: Master

nOShank - Winner!

  • Race: Zerg Zerg
  • League: Diamond

VOD

Have the link to the VOD?

Description

Time

  • Played on: May 13, 2016, 12:32 p.m.
  • Length: 17:22
Show
View Real Time Build Order
Export as new Build Order

Andersone Protoss 

Build Orders: 1 Gate Expand, Phoenix Opening 

Get SALT Encoding   

  12  0:01  Probe (Chrono Boost)  
  13  0:12  Probe (Chrono Boost)  
  14  0:19  Pylon  
  14  0:22  Probe (Chrono Boost)  
  15  0:37  Probe (Chrono Boost)  
  15  0:39  Gateway  
  16  0:47  Probe (Chrono Boost)  
  16  0:49  Assimilator  
  17  0:58  Probe (Chrono Boost)  
  18  1:09  Probe (Chrono Boost)  
  19  1:19  Probe (Chrono Boost)  
  20  1:27  Nexus  
  21  1:38  Cybernetics Core  
  21  1:40  Probe (Chrono Boost)  
  21  1:46  Assimilator  
  21  1:54  Pylon  
  21  1:55  Probe (Chrono Boost)  
  22  2:05  Probe (Chrono Boost)  
  23  2:14  Adept (Chrono Boost)  
  25  2:15  Warp Gate (Chrono Boost)  
  25  2:18  Pylon  
  25  2:30  Mothership Core  
  27  2:41  Probe, Stalker (Chrono Boost)  
  30  2:52  Probe  
  30  2:53  Probe  
  31  3:03  Probe  
  31  3:04  Probe  
  33  3:07  Stargate  
  33  3:14  Probe  
  33  3:16  Probe  
  35  3:24  Probe  
  36  3:28  Probe  
  36  3:30  Gateway  
  36  3:32  Gateway  
  37  3:35  Probe  
  37  3:40  Probe  
  39  3:43  Pylon  
  39  3:45  Probe  
  40  3:51  Phoenix (Chrono Boost)  
  40  3:52  Probe  
  43  3:56  Probe  
  44  4:04  Probe  
  44  4:06  Probe  
  46  4:11  Pylon  
  46  4:14  Phoenix (Chrono Boost)  
  46  4:16  Probe  
  49  4:29  Adept x2  
  53  4:33  Probe  
  53  4:34  Nexus  
  53  4:35  Probe  
  53  4:36  Pylon  
  55  4:40  Phoenix (Chrono Boost)  
  57  4:46  Probe  
  57  4:47  Pylon  
  57  4:48  Probe  
  57  4:51  Assimilator  
  59  4:55  Assimilator  
  59  4:59  Sentry  
  61  5:00  Probe  
  61  5:01  Phoenix (Chrono Boost), Sentry  
  66  5:11  Probe  
  66  5:12  Probe  
  68  5:21  Probe  
  68  5:23  Robotics Facility  
  68  5:24  Probe  
  70  5:32  Probe  
  70  5:34  Pylon  
  71  5:36  Probe  
  71  5:37  Pylon  
  71  5:41  Assimilator  
  72  5:42  Probe  
  72  5:47  Assimilator  
  72  5:48  Probe  
  74  5:53  Probe  
  74  5:54  Probe  
  76  6:00  Sentry x2  
  76  6:01  Probe, Sentry  
  76  6:03  Probe  
  83  6:05  Probe  
  85  6:11  Gateway  
  85  6:13  Probe  
  85  6:14  Probe, Gateway, Observer  
  85  6:15  Probe  
  85  6:16  Gateway  
  85  6:18  Gateway  
  89  6:20  Gateway  
  89  6:26  Sentry x3  
  89  6:30  Probe  
  89  6:31  Probe  
  97  6:34  Probe  
  98  6:41  Probe  
  98  6:43  Probe  
  100  6:48  Twilight Council  
  100  6:49  Observer  
  100  6:52  Stalker x3  
  100  6:54  Probe  
  108  7:08  Nexus  
  108  7:16  Pylon  
  108  7:18  Pylon  
  108  7:19  Pylon  
  108  7:25  Charge  
  108  7:33  Pylon  
  108  7:34  Pylon  
  108  7:35  Pylon  
  108  7:36  Pylon  
  108  7:38  Pylon  
  108  7:39  Pylon  
  108  7:40  Adept x3  
  108  7:41  Pylon, Stalker x5  
  108  7:43  Pylon  
  122  8:04  Adept x8  
  122  8:12  Nexus  
  104  8:14  Pylon  
  102  8:26  Sentry x4  
  110  8:28  Stalker x4  
  118  8:50  Pylon  
  118  8:51  Adept x8  
  134  9:04  Phoenix (Chrono Boost)  
  127  9:14  Stalker x4  
  127  9:15  Stalker  
  135  9:21  Blink (Chrono Boost)  
  135  9:26  Phoenix  
  137  9:31  Pylon  
  137  9:36  Probe  
  137  9:37  Probe  
  134  9:46  Stalker x4  
  134  9:51  Phoenix (Chrono Boost)  
  123  10:14  Phoenix (Chrono Boost)  
  122  10:31  Stalker x5  
  122  10:32  Stalker x2  
  136  10:36  Phoenix (Chrono Boost)  
  138  10:44  Probe x2  
  138  10:46  Probe  
  141  11:09  Templar Archives  
  141  11:14  Adept x2  
  141  11:15  Adept x2, Sentry x3  
  141  11:16  Sentry  
  157  11:21  Probe x3  
  157  11:23  Probe  
  161  11:30  Warp Prism  
  161  11:32  Probe x2  
  163  11:35  Probe  
  163  11:37  Forge x2  
  166  11:48  High Templar x5  
  166  11:49  High Templar x2  
  180  11:55  Archon x3  
  180  12:00  Probe x3  
  180  12:01  Probe  
  180  12:06  High Templar  
  186  12:08  Protoss Ground Weapons Level 1 (Chrono Boost)  
  186  12:09  Protoss Ground Armor Level 1 (Chrono Boost)  
  186  12:10  Archon  
  186  12:12  Probe x2  
  186  12:13  Probe  
  189  12:21  Adept x3  
  189  12:22  Adept x2  
  197  12:49  Adept x2  
  165  13:07  Adept x3  
  165  13:08  Adept x3  
  177  13:13  Fleet Beacon  
  177  13:15  Stargate  
  177  13:18  Stargate  
  177  13:30  Void Ray (Chrono Boost)  
  177  13:31  Probe  
  177  13:32  Probe x2  
  177  13:34  Assimilator  
  184  13:35  Probe  
  184  13:39  Assimilator  
  185  13:43  Probe  
  190  14:08  Void Ray x3 (Chrono Boost)  
  190  14:09  Stalker x6  
  170  14:27  Stalker x2  
  150  14:34  Immortal (Chrono Boost)  
  150  14:37  Zealot  
  150  14:38  Zealot x5  
  166  14:45  Void Ray (Chrono Boost)  
  178  14:48  Void Ray (Chrono Boost)  
  178  14:49  Void Ray (Chrono Boost)  
  172  15:00  Zealot x8  
  158  15:14  Immortal (Chrono Boost)  
  108  15:44  Adept x4  
  108  15:45  Adept x4  
  108  15:48  Immortal (Chrono Boost)  
  96  16:12  Sentry x5  
  98  16:22  Immortal (Chrono Boost)  
  91  16:26  Nexus  
  91  16:28  Void Ray  
Show
View Real Time Build Order
Export as new Build Order

nOShank Zerg - Winner!

Build Orders: Hatch First, Muta Ling Bane 

Get SALT Encoding   

  12  0:01  Drone  
  13  0:13  Overlord  
  13  0:17  Drone  
  14  0:31  Drone x2  
  14  0:35  Drone  
  17  0:54  Hatchery, Drone  
  17  0:58  Drone  
  17  1:02  Extractor  
  17  1:13  Spawning Pool  
  17  1:15  Drone  
  17  1:19  Drone  
  18  1:28  Drone  
  19  1:39  Overlord  
  19  1:51  Drone  
  20  1:59  Queen  
  23  2:01  Zergling x2  
  23  2:06  Queen, Zergling x2  
  26  2:24  Drone x2  
  26  2:25  Drone  
  26  2:26  Metabolic Boost  
  26  2:28  Drone  
  30  2:37  Hatchery  
  30  2:42  Queen  
  31  2:49  Overlord  
  31  2:51  Drone  
  32  3:04  Zergling x4  
  33  3:06  Drone x2  
  33  3:08  Drone  
  33  3:11  Drone x3  
  39  3:26  Overlord x2  
  39  3:27  Drone x3  
  39  3:32  Drone  
  43  3:35  Overlord  
  43  3:43  Extractor  
  43  3:46  Drone  
  43  3:47  Drone  
  43  3:48  Overlord  
  44  3:51  Drone  
  44  3:52  Drone x5  
  50  4:00  Overlord  
  49  4:11  Spore Crawler  
  49  4:13  Spore Crawler  
  49  4:14  Spore Crawler  
  49  4:15  Drone  
  49  4:16  Drone x4  
  51  4:21  Lair  
  51  4:30  Drone x2  
  51  4:31  Drone x2, Overlord  
  54  4:33  Drone x3  
  54  4:37  Drone x2  
  59  4:39  Overlord  
  59  4:40  Drone x2  
  59  4:42  Drone  
  59  4:43  Drone  
  63  4:45  Drone  
  63  4:46  Drone  
  63  4:47  Drone  
  63  4:52  Evolution Chamber, Drone  
  66  5:10  Extractor  
  66  5:11  Drone x4  
  66  5:13  Drone x2  
  66  5:14  Drone x6  
  74  5:15  Extractor  
  74  5:16  Hatchery  
  74  5:17  Drone  
  74  5:18  Extractor x2  
  74  5:23  Hydralisk Den  
  74  5:24  Zerg Missile Weapons Level 1  
  74  5:27  Drone  
  74  5:28  Baneling Nest  
  73  5:31  Zergling x6  
  76  5:48  Drone  
  75  5:56  Muscular Augments  
  72  6:01  Drone x3, Hydralisk x2  
  72  6:02  Hydralisk x4  
  86  6:06  Queen  
  88  6:16  Overlord  
  88  6:17  Overlord x5  
  88  6:18  Overlord, Spore Crawler  
  87  6:20  Overlord x3  
  87  6:29  Hydralisk x2  
  87  6:30  Hydralisk x2  
  87  6:31  Centrifical Hooks  
  95  6:38  Drone  
  95  6:39  Spire, Drone x5  
  100  6:42  Queen  
  100  6:46  Hydralisk x2  
  106  6:50  Hydralisk x2  
  106  6:53  Hydralisk  
  112  6:56  Zergling x2  
  112  6:57  Zergling x4  
  112  6:59  Zergling x2  
  116  7:01  Zergling x4  
  116  7:08  Drone x4  
  120  7:09  Extractor x2  
  120  7:11  Zergling x2  
  120  7:13  Zergling x6  
  124  7:16  Baneling x7  
  124  7:20  Baneling x2  
  124  7:35  Overlord  
  124  7:38  Baneling  
  124  7:39  Baneling x9  
  91  8:13  Mutalisk  
  91  8:14  Mutalisk x9  
  91  8:15  Mutalisk  
  91  8:16  Zergling x2  
  91  8:17  Zergling x32  
  120  8:21  Zerg Melee Weapons Level 1  
  120  8:31  Drone x2  
  120  8:32  Drone x2  
  124  8:35  Spine Crawler  
  124  8:36  Mutalisk, Spine Crawler  
  124  8:38  Hatchery, Zerg Flyer Weapons Level 1  
  123  8:48  Infestation Pit  
  123  8:50  Evolution Chamber  
  123  8:51  Drone x5  
  112  9:09  Zergling x10  
  113  9:10  Zergling x12  
  113  9:13  Spine Crawler  
  113  9:14  Spine Crawler  
  110  9:25  Zerg Ground Armor Level 1  
  110  9:27  Hive  
  110  9:29  Zergling x2  
  110  9:30  Zergling x12  
  117  9:31  Baneling  
  117  9:32  Baneling x9  
  117  9:33  Zergling x2  
  117  9:34  Zergling x4  
  120  9:40  Zergling x2  
  119  10:03  Zergling x2  
  119  10:04  Zergling x32  
  130  10:17  Zerg Melee Weapons Level 2  
  122  10:27  Hydralisk x3  
  122  10:28  Hydralisk x5  
  139  10:35  Drone x2  
  139  10:36  Drone x6  
  139  10:38  Spore Crawler  
  139  10:40  Spine Crawler  
  139  10:41  Queen x4, Spine Crawler x2  
  139  10:42  Queen, Spine Crawler  
  151  10:47  Ultralisk Cavern  
  151  10:49  Greater Spire  
  150  10:53  Zergling x18  
  150  10:54  Zergling x6  
  161  11:03  Zergling x18  
  170  11:14  Corruptor x3  
  170  11:16  Corruptor  
  178  11:18  Corruptor  
  180  11:26  Zerg Ground Armor Level 2  
  180  11:37  Corruptor x3  
  186  11:40  Overlord x3  
  186  11:41  Overlord  
  186  11:49  Chitinous Plating  
  186  12:01  Brood Lord x5  
  196  12:06  Adrenal Glands  
  196  12:10  Brood Lord  
  196  12:11  Brood Lord  
  200  12:21  Overlord  
  200  12:32  Overlord  
  200  12:42  Brood Lord  
  191  12:47  Corruptor x4  
  191  12:51  Zerg Flyer Weapons Level 2  
  137  13:07  Zergling x24  
  137  13:08  Zergling x38  
  154  13:13  Queen x3  
  154  13:19  Ultralisk  
  162  13:32  Ultralisk x2  
  160  13:46  Ultralisk x2  
  166  14:03  Ultralisk x2  
  165  14:16  Ultralisk x3  
  165  14:28  Zergling x24  
  161  14:35  Zerg Melee Weapons Level 3  
  151  14:43  Zergling x2  
  151  14:44  Zergling x22  
  163  14:57  Corruptor  
  163  14:58  Corruptor x3  
  159  15:09  Corruptor x3  
  159  15:10  Corruptor  
  167  15:18  Hatchery  
  138  15:59  Extractor  
  138  16:04  Extractor  
  130  16:07  Queen x4  
  128  16:19  Ultralisk x6  
  156  16:30  Queen  
  148  16:38  Mutalisk  
  148  16:39  Mutalisk x4  
  148  16:42  Queen x2  
  140  16:53  Mutalisk x3  
  140  16:54  Mutalisk x3  
Tags
 
Add a new tag
Caveats
  • Supply blocks, unpowered buildings, or Contaminate may cause inaccurate times.
  • Supply counts are checked every 10 seconds.